 Dungeon Crawl Stone Soup version 0.20.1-1-g8b1a95d (webtiles) character file.

256 mortelune the Cudgeler (level 6, -17/40 HPs)
             Began as a Gargoyle Fighter on Nov 23, 2017.
             Demolished by an ogre
             ... wielding a cursed +0 giant club
              (19 damage)
             ... on level 3 of the Dungeon.
             The game lasted 00:08:33 (3772 turns).

mortelune the Cudgeler (Gargoyle Fighter)           Turns: 3772, Time: 00:08:33

Health: -17/40     AC: 12    Str: 21    XL:     6   Next: 15%
Magic:  6/6        EV:  7    Int:  9    God:
Gold:   113        SH:  9    Dex:  9    Spells: 5/5 levels left

rFire    . . .     SeeInvis .   a - +0 flail
rCold    . . .     Gourm    .   c - +0 shield
rNeg     + . .     Faith    .   b - +0 scale mail
rPois    ∞         Spirit   .   (no helmet)
rElec    +         Reflect  .   t - +0 cloak
rCorr    .         Harm     .   (no gloves)
MR       .....                  (no boots)
Stlth    ..........             (no amulet)
Regen    0.2/turn               (no ring)
MPRegen  0.1/turn               (no ring)

@: no status effects
A: negative energy resistance 1, electricity resistance, unbreathing,
petrification resistance, rot immunity, AC +4
a: no special abilities


You were on level 3 of the Dungeon.
You were not hungry.

You visited 1 branch of the dungeon, and saw 4 of its levels.

You collected 113 gold pieces.

Inventory:

Hand Weapons
 a - a +0 flail (weapon)
Armour
 b - a +0 scale mail (worn)
 c - a +0 shield (worn)
 t - a +0 cloak (worn)
Jewellery
 p - an uncursed ring of poison resistance {unknown}
Scrolls
 e - 4 scrolls of remove curse
 k - 3 scrolls of teleportation
 l - 3 scrolls of identify {unknown}
 s - a scroll of magic mapping {unknown}
Potions
 d - a potion of might
 h - a potion of invisibility {unknown}
 i - a potion of cancellation {unknown}
 j - 3 potions of flight {unknown}
 m - a potion of agility {unknown}
 n - a potion of magic {unknown}
Comestibles
 f - 3 bread rations
 g - 2 royal jellies
 q - 3 fruits
 r - a meat ration


   Skills:
 + Level 4.9 Fighting
 * Level 5.2 Maces & Flails
 - Level 3.2 Armour
 - Level 3.2 Shields


You had 5 spell levels left.
You didn't know any spells.

Dungeon Overview and Level Annotations

Branches:
Dungeon (4/15)
 Temple: D:4-7

Altars:
Sif Muna

Annotations:
D:4 Blork the orc


Innate Abilities, Weirdness & Mutations

You are resistant to torment.
Your stone body is resilient. (AC +4)
You are immune to poison.
You resist negative energy. (rN+)
You are resistant to electric shocks. (rElec)
You can survive without breathing.
You are immune to petrification.
You are immune to rotting.


Message History

The ogre is moderately wounded.
The ogre barely misses you.
You hit the ogre but do no damage.
The ogre is moderately wounded.
The ogre completely misses you.
You hit the ogre.
The ogre is moderately wounded.
You block the ogre's attack.
You barely miss the ogre.
The ogre is moderately wounded.
The ogre hits you with a giant club!
* * * LOW HITPOINT WARNING * * *
You sock the ogre!
The ogre is severely wounded.
The ogre hits you with a giant club!
* * * LOW HITPOINT WARNING * * *
You hit the ogre.
The ogre is severely wounded.
The ogre hits you with a giant club!!
You die...

###### ######
#....# #....#
#....# #.##.#
#....########.##.#
.....'......)...@#
.....####.....##O#
.......##.######.#
######......# #.#
######......# #.#
...[........# #.#
....##[##'### #.#
....#.....# #.#
..).#..#### #.#


You could see an ogre.

Vanquished Creatures
  A hound (D:3)
  An orc priest (D:3)
  3 gnolls
  6 adders
  An ooze (D:2)
  4 worms
  3 dart slugs
  2 leopard geckos
  9 orcs
  9 bats
  6 giant cockroaches
  9 goblins
  7 hobgoblins
  4 jackals (D:3)
  5 kobolds
  A quokka (D:2)
  2 ball pythons
  5 frilled lizards
  8 rats
86 creatures vanquished.

Notes
Turn   | Place    | Note
-------+----------+-------------------------------------------
     0 | D:1      | mortelune the Gargoyle Fighter began the quest for the Orb.
     0 | D:1      | Reached XP level 1. HP: 14/14 MP: 1/1
   418 | D:1      | Reached XP level 2. HP: 16/19 MP: 2/2
   928 | D:2      | Reached skill level 3 in Maces & Flails
   984 | D:2      | Reached XP level 3. HP: 23/23 MP: 3/3
  1671 | D:2      | Reached XP level 4. HP: 28/29 MP: 4/4
  1939 | D:2      | Reached skill level 4 in Maces & Flails
  2403 | D:2      | Reached XP level 5. HP: 33/33 MP: 5/5
  3181 | D:3      | Found a deep blue altar of Sif Muna.
  3259 | D:3      | Reached skill level 5 in Maces & Flails
  3618 | D:4      | Noticed Blork the orc
  3641 | D:3      | Reached XP level 6. HP: 36/40 MP: 6/6
  3771 | D:3      | HP: 2/40 [ogre/giant club (10)]
  3772 | D:3      | Demolished by an ogre

Skill      XL: |  1  2  3  4  5 |
---------------+----------------+-----
Maces & Flails | 3 4 5 |  5.2
Fighting       | 4 |  4.9
Armour         | |  3.2
Shields        | |  3.2

Action                   |  1- 3 |  4- 6 || total
-------------------------+-------+-------++-------
Melee: Flail             |   106 |   260 ||   366
  Use: Scroll            |     2 |       ||     2
  Eat: Chunk             |     2 |     8 ||    10
Armor: Scale mail        |    61 |   173 ||   234
Dodge: Dodged            |    39 |    95 ||   134
Block: Shield            |    63 |   147 ||   210
